Bob, neutral male human Tourist ---------- |....<.... |........| # ------------- |{........######............| ---- |........| #|...........| ... ---------- #|...........| ... # #|...........| .. % #|.........%)| # #|......{....-# ##d # #-----------|-# ----------- @u ### ##################.......[.^| # # # # |...(......%## #### #### ##....[.....| --+-.----------- # ----------- |..............|### |...............# |..............| |..............| ---------------- Bob the Excursionist Experience level: 8 Strength: 10 Dexterity: 14 Constitution: 15 Intelligence: 14 Wisdom: 9 Charisma: 17 Health: 0(59) Energy: 28(28) Def: 22 Gold: 0 Moves: 10593 Dungeon seed: ituHpsQlNf4cTmyq Game ID: Bob_1591277564 Your Inventory: Weapons a - 7 +2 darts k - 2 +0 orcish daggers K - a blessed +1 orcish dagger (weapon in hand) L - 6 cursed -1 darts (in quiver) O - a blessed +0 dart W - a +0 elven dagger (alternate weapon; not wielded) Armor o - a blessed greased +5 silver dragon scale mail (being worn) q - an uncursed +0 pair of iron shoes (being worn) r - an uncursed +0 orcish helm (being worn) y - an uncursed +0 dwarvish cloak (being worn) S - an uncursed +0 pair of leather gloves (being worn) Wands h - a wand of sleep (0:2) u - a wand of probing (0:5) C - a wand of lightning (0:5) H - a wand of striking (0:0) M - a cursed wand of magic missile (0:7) P - a cursed wand of digging (0:3) R - a wand of nothing (0:6) V - a wand of striking (0:2) Tools l - an uncursed credit card m - an expensive camera (0:67) n - an uncursed blindfold F - an uncursed bag of holding Contents of the bag of holding: 3198 gold pieces a +0 boomerang 14 +0 daggers 59 +0 darts an uncursed +0 Hawaiian shirt an uncursed egg an uncursed partly eaten food ration 19 uncursed food rations a cursed fortune cookie an uncursed lembas wafer an uncursed lichen corpse an uncursed tin of goblin meat an uncursed tin of kobold meat an uncursed tin of kobold meat a blessed scroll of amnesia 2 uncursed scrolls of amnesia 5 uncursed scrolls of blank paper 3 uncursed scrolls of confuse monster 2 uncursed scrolls of destroy armor 2 uncursed scrolls of earth 2 uncursed scrolls of enchant armor a blessed scroll of enchant weapon 3 uncursed scrolls of enchant weapon an uncursed scroll of food detection an uncursed scroll of gold detection a blessed scroll of identify an uncursed scroll of identify a blessed scroll of light an uncursed scroll of light a blessed scroll of magic mapping 4 uncursed scrolls of magic mapping a blessed scroll of remove curse an uncursed spellbook of cause fear an uncursed spellbook of create monster an uncursed spellbook of dig an uncursed spellbook of slow monster a blessed potion of gain ability a cursed potion of healing an uncursed potion of restore ability a potion of unholy water an uncursed -2 ring of adornment a cursed ring of cold resistance an uncursed +1 ring of gain strength an uncursed ring of see invisible an uncursed ring of teleportation an uncursed ring of warning a wand of polymorph (0:4) an uncursed leather drum a blessed oil lamp (0:1250) a blessed oil lamp (0:1134) a +0 pick-axe an uncursed sack an uncursed sack 4 uncursed tallow candles (0:200) a cursed tallow candle (0:200) an uncursed wooden harp an uncursed worthless piece of violet glass an uncursed worthless piece of white glass Spells and supernatural/magical abilities: Name Level Category Fail Memory W - pray for help -- divine ? -- Your skills at the end: Fighting Skills two weapon combat [Basic] Weapon Skills dagger [Skilled] dart [Skilled] Spellcasting Skills Final Attributes: You were piously aligned. You were telepathic. You were protected. You had reflection. You are dead. Vanquished creatures: a giant mimic a tengu an elf mummy an ettin zombie 4 wolves 3 winter wolf cubs a dingo a housecat 2 apes 7 soldier ants a fire ant 2 bugbears a wood nymph 4 Uruk-hai an orc shaman a fog cloud a yellow light 3 shriekers a violet fungus 7 gnome lords 2 gnomish wizards a black naga hatchling 2 gray oozes 4 elf zombies a ghoul a straw golem a paper golem 5 giant ants 3 floating eyes 8 dwarves 2 homunculi a kobold lord a kobold shaman 27 hill orcs 3 rothes a rabid rat a giant bat a monkey 3 orc zombies 2 dwarf zombies a wererat a werejackal an iguana an acid blob 3 coyotes a gas spore 3 hobbits 3 manes 2 large kobolds a hobgoblin 2 giant rats 2 cave spiders 4 brown molds 4 green molds 30 gnomes 3 gnome zombies 4 geckos 15 jackals 6 foxes 4 kobolds 9 goblins 9 sewer rats 10 grid bugs 5 bats 9 lichens 4 kobold zombies 15 newts 266 creatures vanquished. Voluntary challenges: You had been an atheist until turn 2352. You used a wielded weapon 398 times, starting on turn 1093. You read items or engraved 2 times, starting on turn 4291. You never genocided any monsters. You never polymorphed an object. You never changed form. You used 1 wish, starting on turn 2369. You did not wish for any artifacts. You never split a pudding. You never wrote Elbereth's name. You never violated your personal moral code. Dungeon overview: The Dungeons of Doom: levels 1 to 9 Level 1 a long staircase Level 2 a scroll shop Level 3 (stash >) a fountain stairs to The Gnomish Mines Level 4 (v) a fountain Level 5 a fountain Level 6 Level 7 many fountains Level 8 a fountain stairs to Sokoban Level 9 <- You were here some fountains The Gnomish Mines: levels 4 to 6 Level 4 stairs to The Dungeons of Doom Level 5 Level 6 many shops, a temple to Offler, some fountains, a sink Sokoban: levels 4 to 7 Level 4 Level 5 Level 6 Level 7 stairs to The Dungeons of Doom History has recorded: On T:1 you entered the Dungeons of Doom to retrieve the Amulet of Yendor! On T:52 you reached level 2 of The Dungeons of Doom. On T:119 you reached level 3 of The Dungeons of Doom. On T:1098 you advanced to experience level 2. On T:1183 you reached level 4 of The Dungeons of Doom. On T:1242 you advanced to experience level 3. On T:1270 you reached level 1 of The Gnomish Mines. On T:1355 you advanced to experience level 4. On T:2080 you reached level 2 of The Gnomish Mines. On T:2208 you reached level 3 of The Gnomish Mines. On T:2319 you advanced to experience level 5. On T:2369 you wished for "blessed greased fixed +3 silver dragon scale mail". On T:3036 you advanced to experience level 6. On T:5366 you reached level 5 of The Dungeons of Doom. On T:5731 you reached level 6 of The Dungeons of Doom. On T:5800 you reached level 7 of The Dungeons of Doom. On T:6083 you reached level 8 of The Dungeons of Doom. On T:6126 you reached level 9 of The Dungeons of Doom. On T:6201 you reached level 4 of Sokoban. On T:6513 you reached level 3 of Sokoban. On T:7177 you advanced to experience level 7. On T:7253 you reached level 2 of Sokoban. On T:7623 you reached level 1 of Sokoban. On T:9884 you advanced to experience level 8. Score breakdown: Gold: 2862 (11758 points) Experience: 8 levels (14739 points) Exploration: 9 levels ( 17.65%) (12000 points) Discoveries: 20 items ( 6.71%) ( 7771 points) Valuables value: (no points given unless you survive) Artifact value: 0 ( 0 points) Variety of kills: 67 monsters ( 17.59%) (12580 points) Turncount: 10593 turns (-2463 points) Survival: died (score multiplied by 80%) Total score: 45108 Latest messages: You hit the winter wolf cub. The winter wolf cub bites! The winter wolf cub misses. You hit the winter wolf cub! The winter wolf cub turns to flee! Never mind. You put a fortune cookie into the bag called holdybag. You put a potion of healing into the bag called holdybag. You put an iron ring into the bag called holdybag. You put an uncursed wand of polymorph into the bag called holdybag. You put a sack into the bag called holdybag. (2x) You put a white gem into the bag called holdybag. You are blasted by the long sword named Excalibur's power! You die... The sack is empty. (2x) Final status: Aloha Bob the Tourist, killed by touching Excalibur... You died in The Dungeons of Doom on dungeon level 9 with 45108 points, and 3198 pieces of gold, after 10593 moves. You were level 8 with a maximum of 59 hit points when you died.